[ AOE2 MATCH · #483895438 ]
UnrankedTeutons vs Mongols
[ REPLAY ANALYSIS · EXTRACTED FROM THE RECORDED GAME ]
Feudal
15:37
Castle
21:25
Imperial
53:09
| APM avg | 22.9 |
| APM peak | 156 |
| eAPM avg | 14.2 |
| Villagers / military | 143 / 206 |
Focus
⚔️ 12.8% · 🌾 87.2%
Teutonic Knight ×198 · Bombard Cannon ×8 · Trade Cart ×1
Feudal
10:33
Castle
14:38
Imperial
30:07
| APM avg | 46.7 |
| APM peak | 122 |
| eAPM avg | 19.0 |
| Villagers / military | 129 / 367 |
Focus
⚔️ 44.4% · 🌾 55.6%
Mangudai ×284 · Mangonel ×74 · Trade Cart ×20 · Trebuchet (Packed) ×7 · Monk ×2
Feudal
10:20
Castle
16:26
Imperial
30:15
| APM avg | 35.4 |
| APM peak | 81 |
| eAPM avg | 19.3 |
| Villagers / military | 152 / 1213 |
Focus
⚔️ 41.9% · 🌾 58.1%
Archer ×660 · Scout Cavalry ×337 · War Elephant ×119 · Skirmisher ×64 · Knight ×27 · Monk ×5
Feudal
13:11
Castle
18:52
Imperial
46:52
| APM avg | 16.3 |
| APM peak | 104 |
| eAPM avg | 11.5 |
| Villagers / military | 91 / 134 |
Focus
⚔️ 28.4% · 🌾 71.6%
Chu Ko Nu ×63 · Fire Lancer ×33 · Spearman ×31 · Trebuchet (Packed) ×7
Feudal
9:52
Castle
20:26
Imperial
32:34
| APM avg | 20.0 |
| APM peak | 70 |
| eAPM avg | 9.6 |
| Villagers / military | 107 / 341 |
Focus
⚔️ 34.0% · 🌾 66.0%
Skirmisher ×102 · Conquistador ×102 · Hand Cannoneer ×84 · Mangonel ×32 · Trade Cart ×14 · Spearman ×12
Feudal
10:42
Castle
16:37
Imperial
28:59
| APM avg | 29.9 |
| APM peak | 152 |
| eAPM avg | 18.3 |
| Villagers / military | 106 / 504 |
Focus
⚔️ 35.2% · 🌾 64.8%
Skirmisher ×225 · Hand Cannoneer ×141 · Ghulam ×70 · Camel Scout ×60 · Trade Cart ×15 · Bombard Cannon ×5
Match map
Initial resources + every placement click. Lines = walls · curves = elevation contours. ◆ gold · ⬟ stone · ● berries · ✦ relic · ◌ wall gap
Your base· ✓ Closed at 21:25 · 0t walls · 3 gate(s)
LB_小小leo's base· ✓ Closed at 14:38 · 0t walls · 2 gate(s)
Up1set's base· ✓ Closed at 16:26 · 0t walls · 2 gate(s)
傲娇's base· ✓ Closed at 18:52 · 0t walls · 3 gate(s)
一拍车拍死你全家's base· ✓ Closed at 20:26 · 0t walls · 2 gate(s)
喜多川海梦's base· ✓ Closed at 16:37 · 0t walls · 2 gate(s)
Smoothed initial terrain · ◌ = detected wall gap · hover for details
Inputs per minute
— 贱贱 - - LB_小小leo
Build order — 贱贱
First 150 of 353 actions detected
| 0:20 | Build | House |
| 0:35 | Build | House |
| 1:00 | Create | Villager (Male) |
| 1:06 | Create | Villager (Male) |
| 1:07 | Create | Villager (Male) |
| 1:07 | Create | Villager (Male) |
| 1:07 | Create | Villager (Male) |
| 3:32 | Create | Villager (Male) |
| 3:32 | Create | Villager (Male) |
| 3:32 | Create | Villager (Male) |
| 4:53 | Create | Villager (Male) |
| 4:53 | Create | Villager (Male) |
| 4:53 | Create | Villager (Male) |
| 4:54 | Create | Villager (Male) |
| 5:34 | Build | Lumber Camp |
| 6:21 | Create | Villager (Male) |
| 6:21 | Create | Villager (Male) |
| 6:22 | Create | Villager (Male) |
| 6:46 | Build | House |
| 7:11 | Build | Mill |
| 8:13 | Create | Villager (Male) |
| 8:13 | Create | Villager (Male) |
| 8:13 | Create | Villager (Male) |
| 8:13 | Create | Villager (Male) |
| 8:14 | Create | Villager (Male) |
| 8:14 | Create | Villager (Male) |
| 10:28 | Build | House |
| 10:41 | Build | Mining Camp |
| 10:55 | Create | Villager (Male) |
| 10:55 | Create | Villager (Male) |
| 10:55 | Create | Villager (Male) |
| 10:56 | Create | Villager (Male) |
| 10:56 | Create | Villager (Male) |
| 10:56 | Create | Villager (Male) |
| 10:56 | Create | Villager (Male) |
| 13:07 | Build | House |
| 13:27 | Research | Feudal Age |
| 13:45 | Build | House |
| 13:49 | Build | House |
| 13:50 | Build | House |
| 14:47 | Build | Farm |
| 14:48 | Build | Farm |
| 14:50 | Build | Farm |
| 15:37 | Age | Feudal Age |
| 16:00 | Build | Market |
| 16:14 | Create | Villager (Male) |
| 16:14 | Create | Villager (Male) |
| 16:14 | Create | Villager (Male) |
| 16:14 | Create | Villager (Male) |
| 16:15 | Create | Villager (Male) |
| 16:15 | Create | Villager (Male) |
| 16:15 | Create | Villager (Male) |
| 16:15 | Create | Villager (Male) |
| 16:16 | Create | Villager (Male) |
| 16:16 | Create | Villager (Male) |
| 16:16 | Create | Villager (Male) |
| 16:16 | Create | Villager (Male) |
| 16:26 | Create | Villager (Male) |
| 16:26 | Create | Villager (Male) |
| 17:05 | Build | Blacksmith |
| 17:19 | Build | Farm |
| 17:35 | Build | Farm |
| 17:36 | Build | Farm |
| 17:37 | Build | Farm |
| 17:38 | Build | Farm |
| 18:20 | Build | Mill |
| 18:45 | Research | Castle Age |
| 19:05 | Build | Farm |
| 19:06 | Build | Farm |
| 19:08 | Build | Farm |
| 19:09 | Build | Farm |
| 19:11 | Build | Farm |
| 19:22 | Create | Villager (Male) |
| 19:23 | Create | Villager (Male) |
| 21:25 | Age | Castle Age |
| 21:30 | Research | Double-Bit Axe |
| 21:31 | Research | Gold Mining |
| 21:32 | Research | Stone Mining |
| 21:34 | Research | Horse Collar |
| 21:57 | Build | Town Center |
| 21:59 | Build | Town Center |
| 23:09 | Create | Villager (Male) |
| 23:09 | Create | Villager (Male) |
| 23:10 | Create | Villager (Male) |
| 23:10 | Create | Villager (Male) |
| 23:10 | Create | Villager (Male) |
| 23:10 | Create | Villager (Male) |
| 23:10 | Create | Villager (Male) |
| 23:18 | Create | Villager (Male) |
| 24:33 | Create | Villager (Male) |
| 24:33 | Create | Villager (Male) |
| 24:34 | Create | Villager (Male) |
| 24:34 | Create | Villager (Male) |
| 24:34 | Create | Villager (Male) |
| 24:34 | Create | Villager (Male) |
| 25:12 | Build | Farm |
| 25:12 | Build | Farm |
| 25:13 | Build | Farm |
| 25:13 | Build | Farm |
| 25:13 | Build | Farm |
| 25:13 | Build | Farm |
| 25:13 | Build | Farm |
| 25:14 | Build | Farm |
| 25:14 | Build | Farm |
| 25:14 | Build | Farm |
| 25:14 | Build | Farm |
| 25:15 | Build | Farm |
| 25:15 | Build | Farm |
| 25:15 | Build | Farm |
| 25:15 | Build | Farm |
| 25:15 | Build | Farm |
| 25:16 | Build | Farm |
| 25:16 | Build | Farm |
| 25:27 | Build | Mill |
| 26:24 | Build | Farm |
| 26:24 | Build | Farm |
| 26:24 | Build | Farm |
| 26:24 | Build | Farm |
| 26:25 | Build | Farm |
| 26:25 | Build | Farm |
| 26:25 | Build | Farm |
| 26:25 | Build | Farm |
| 26:27 | Build | Farm |
| 26:28 | Build | Farm |
| 26:28 | Build | Farm |
| 26:28 | Build | Farm |
| 26:28 | Build | Farm |
| 26:37 | Build | Farm |
| 26:37 | Build | Farm |
| 26:37 | Build | Farm |
| 26:46 | Create | Villager (Male) |
| 26:46 | Create | Villager (Male) |
| 26:46 | Create | Villager (Male) |
| 26:46 | Create | Villager (Male) |
| 26:47 | Create | Villager (Male) |
| 26:47 | Create | Villager (Male) |
| 26:47 | Create | Villager (Male) |
| 26:48 | Create | Villager (Male) |
| 26:48 | Create | Villager (Male) |
| 26:48 | Create | Villager (Male) |
| 26:48 | Create | Villager (Male) |
| 27:47 | Build | Mining Camp |
| 28:04 | Build | House |
| 28:06 | Build | House |
| 28:07 | Build | House |
| 28:08 | Build | House |
| 28:09 | Build | House |
| 28:09 | Build | House |
| 28:11 | Build | House |
| 28:12 | Build | House |
Build order — LB_小小leo
First 150 of 458 actions detected
| 0:02 | Build | House |
| 0:03 | Build | House |
| 0:03 | Create | Villager (Male) |
| 0:03 | Create | Villager (Male) |
| 0:31 | Create | Villager (Male) |
| 0:53 | Create | Villager (Male) |
| 1:14 | Create | Villager (Male) |
| 1:46 | Build | Lumber Camp |
| 1:58 | Create | Villager (Male) |
| 2:19 | Create | Villager (Male) |
| 2:41 | Create | Villager (Male) |
| 3:08 | Create | Villager (Male) |
| 3:42 | Create | Villager (Male) |
| 3:51 | Build | House |
| 4:03 | Create | Villager (Male) |
| 4:17 | Build | Mill |
| 4:30 | Create | Villager (Male) |
| 4:47 | Create | Villager (Male) |
| 5:12 | Create | Villager (Male) |
| 5:36 | Create | Villager (Male) |
| 5:56 | Build | House |
| 6:04 | Create | Villager (Male) |
| 6:38 | Create | Villager (Male) |
| 6:48 | Create | Villager (Male) |
| 7:03 | Build | Mill |
| 7:12 | Create | Villager (Male) |
| 7:32 | Create | Villager (Male) |
| 8:07 | Create | Villager (Male) |
| 8:10 | Research | Feudal Age |
| 8:27 | Build | House |
| 8:56 | Create | Villager (Male) |
| 8:57 | Create | Villager (Male) |
| 8:57 | Create | Villager (Male) |
| 10:33 | Age | Feudal Age |
| 10:37 | Build | Blacksmith |
| 10:46 | Build | Market |
| 10:52 | Build | Farm |
| 10:54 | Build | Farm |
| 10:58 | Build | Farm |
| 10:59 | Build | Farm |
| 11:04 | Build | Farm |
| 11:11 | Create | Villager (Male) |
| 11:12 | Create | Villager (Male) |
| 11:33 | Create | Villager (Male) |
| 11:33 | Create | Villager (Male) |
| 11:48 | Research | Castle Age |
| 12:04 | Research | Double-Bit Axe |
| 12:10 | Build | Mining Camp |
| 12:38 | Build | House |
| 12:39 | Build | House |
| 13:29 | Create | Villager (Male) |
| 13:29 | Create | Villager (Male) |
| 13:30 | Create | Villager (Male) |
| 13:30 | Create | Villager (Male) |
| 14:38 | Age | Castle Age |
| 14:45 | Build | Town Center |
| 15:05 | Build | Town Center |
| 15:07 | Create | Villager (Male) |
| 15:33 | Build | Farm |
| 16:02 | Build | Farm |
| 16:12 | Create | Villager (Male) |
| 16:25 | Create | Villager (Male) |
| 16:26 | Create | Villager (Male) |
| 16:32 | Build | Farm |
| 16:36 | Create | Villager (Male) |
| 16:44 | Create | Villager (Male) |
| 16:56 | Build | Farm |
| 16:59 | Create | Villager (Male) |
| 16:59 | Create | Villager (Male) |
| 17:03 | Create | Villager (Male) |
| 17:03 | Create | Villager (Male) |
| 17:06 | Create | Villager (Male) |
| 17:12 | Build | Farm |
| 17:15 | Build | Farm |
| 17:20 | Build | Farm |
| 17:31 | Build | Farm |
| 17:36 | Create | Villager (Male) |
| 17:38 | Create | Villager (Male) |
| 17:38 | Create | Villager (Male) |
| 17:44 | Build | Farm |
| 18:00 | Build | Farm |
| 18:04 | Create | Villager (Male) |
| 18:10 | Build | Farm |
| 18:17 | Build | Farm |
| 18:23 | Create | Villager (Male) |
| 18:24 | Create | Villager (Male) |
| 18:24 | Create | Villager (Male) |
| 18:28 | Create | Villager (Male) |
| 18:33 | Create | Villager (Male) |
| 18:38 | Build | Farm |
| 18:41 | Build | Farm |
| 19:06 | Build | Castle |
| 19:10 | Build | House |
| 19:19 | Build | Monastery |
| 19:21 | Create | Villager (Male) |
| 19:21 | Create | Villager (Male) |
| 19:22 | Create | Villager (Male) |
| 19:22 | Create | Villager (Male) |
| 19:22 | Create | Villager (Male) |
| 19:23 | Create | Villager (Male) |
| 19:33 | Build | Mill |
| 19:43 | Build | Farm |
| 19:46 | Build | House |
| 19:50 | Create | Villager (Male) |
| 19:51 | Create | Villager (Male) |
| 19:52 | Create | Villager (Male) |
| 20:01 | Build | Farm |
| 20:02 | Build | Farm |
| 20:07 | Build | Farm |
| 20:12 | Build | House |
| 20:12 | Create | Monk |
| 20:17 | Create | Villager (Male) |
| 20:22 | Research | Horse Collar |
| 20:30 | Build | Farm |
| 20:33 | Create | Villager (Male) |
| 20:33 | Create | Villager (Male) |
| 20:43 | Create | Villager (Male) |
| 20:44 | Create | Villager (Male) |
| 20:45 | Create | Villager (Male) |
| 20:47 | Build | Farm |
| 20:56 | Create | Villager (Male) |
| 20:57 | Create | Villager (Male) |
| 21:05 | Build | House |
| 21:05 | Build | House |
| 21:18 | Build | Mining Camp |
| 21:21 | Create | Villager (Male) |
| 21:22 | Create | Villager (Male) |
| 21:22 | Create | Villager (Male) |
| 21:32 | Build | Farm |
| 21:33 | Build | Farm |
| 21:34 | Build | Farm |
| 21:50 | Create | Monk |
| 21:56 | Build | Farm |
| 22:02 | Build | House |
| 22:03 | Build | House |
| 22:06 | Create | Villager (Male) |
| 22:07 | Create | Villager (Male) |
| 22:07 | Create | Villager (Male) |
| 22:47 | Build | Town Center |
| 22:48 | Create | Villager (Male) |
| 22:49 | Create | Villager (Male) |
| 22:50 | Create | Villager (Male) |
| 22:54 | Build | House |
| 22:54 | Build | House |
| 23:05 | Research | Wheelbarrow |
| 23:17 | Build | Farm |
| 23:19 | Build | Farm |
| 23:20 | Build | Farm |
| 23:21 | Build | Farm |
| 23:25 | Create | Villager (Male) |
Build order — Up1set
First 150 of 648 actions detected
| 0:02 | Build | House |
| 0:04 | Build | House |
| 0:04 | Create | Villager (Male) |
| 0:04 | Create | Villager (Male) |
| 0:05 | Create | Villager (Male) |
| 0:05 | Create | Villager (Male) |
| 1:35 | Create | Villager (Male) |
| 1:36 | Create | Villager (Male) |
| 1:44 | Build | Lumber Camp |
| 2:24 | Create | Villager (Male) |
| 2:50 | Create | Villager (Male) |
| 2:50 | Create | Villager (Male) |
| 3:19 | Build | Mill |
| 3:21 | Create | Villager (Male) |
| 3:22 | Create | Villager (Male) |
| 3:27 | Build | House |
| 3:48 | Create | Villager (Male) |
| 4:19 | Create | Villager (Male) |
| 4:30 | Create | Villager (Male) |
| 5:05 | Create | Villager (Male) |
| 5:24 | Build | House |
| 5:43 | Create | Villager (Male) |
| 6:21 | Create | Villager (Male) |
| 6:48 | Create | Villager (Male) |
| 7:04 | Create | Villager (Male) |
| 7:26 | Build | House |
| 7:31 | Create | Villager (Male) |
| 7:55 | Create | Villager (Male) |
| 8:16 | Research | Feudal Age |
| 9:06 | Build | House |
| 9:58 | Create | Villager (Male) |
| 10:20 | Age | Feudal Age |
| 10:43 | Create | Villager (Male) |
| 10:46 | Build | Mining Camp |
| 11:08 | Create | Villager (Male) |
| 11:25 | Create | Villager (Male) |
| 11:33 | Build | Farm |
| 11:39 | Build | Farm |
| 11:42 | Build | Farm |
| 11:48 | Build | Market |
| 11:52 | Create | Villager (Male) |
| 12:20 | Create | Villager (Male) |
| 12:31 | Build | Mining Camp |
| 12:35 | Build | Farm |
| 12:42 | Create | Villager (Male) |
| 12:49 | Build | Blacksmith |
| 12:57 | Create | Villager (Male) |
| 13:28 | Create | Villager (Male) |
| 13:35 | Build | House |
| 13:50 | Create | Villager (Male) |
| 13:59 | Research | Castle Age |
| 14:06 | Build | Farm |
| 14:19 | Build | Farm |
| 14:22 | Build | Farm |
| 14:25 | Build | Farm |
| 14:31 | Build | Farm |
| 14:35 | Build | Farm |
| 15:00 | Build | Farm |
| 15:07 | Build | Farm |
| 15:34 | Create | Villager (Male) |
| 15:39 | Research | Horse Collar |
| 15:41 | Research | Double-Bit Axe |
| 16:04 | Create | Villager (Male) |
| 16:26 | Age | Castle Age |
| 16:29 | Build | Town Center |
| 16:42 | Create | Villager (Male) |
| 17:19 | Build | Town Center |
| 17:23 | Create | Villager (Male) |
| 17:45 | Create | Villager (Male) |
| 17:46 | Create | Villager (Male) |
| 17:58 | Build | Farm |
| 18:08 | Build | Farm |
| 18:09 | Create | Villager (Male) |
| 18:10 | Create | Villager (Male) |
| 18:11 | Create | Villager (Male) |
| 18:12 | Create | Villager (Male) |
| 18:36 | Build | Farm |
| 18:39 | Create | Villager (Male) |
| 18:51 | Create | Villager (Male) |
| 18:51 | Create | Villager (Male) |
| 18:53 | Create | Villager (Male) |
| 19:07 | Build | Farm |
| 19:10 | Create | Villager (Male) |
| 19:23 | Build | Farm |
| 19:26 | Create | Villager (Male) |
| 19:26 | Create | Villager (Male) |
| 19:27 | Create | Villager (Male) |
| 19:32 | Build | Farm |
| 19:38 | Create | Villager (Male) |
| 19:39 | Create | Villager (Male) |
| 19:51 | Build | House |
| 19:52 | Build | House |
| 19:54 | Build | House |
| 19:55 | Create | Villager (Male) |
| 20:10 | Research | Wheelbarrow |
| 20:17 | Research | Bow Saw |
| 20:26 | Create | Villager (Male) |
| 20:27 | Create | Villager (Male) |
| 20:28 | Create | Villager (Male) |
| 20:41 | Create | Villager (Male) |
| 20:42 | Create | Villager (Male) |
| 20:43 | Create | Villager (Male) |
| 20:52 | Build | Mill |
| 20:53 | Build | Farm |
| 21:01 | Build | Farm |
| 21:02 | Create | Villager (Male) |
| 21:16 | Build | Farm |
| 21:24 | Create | Villager (Male) |
| 21:25 | Create | Villager (Male) |
| 21:36 | Research | Heavy Plow |
| 21:37 | Create | Villager (Male) |
| 21:37 | Create | Villager (Male) |
| 21:38 | Create | Villager (Male) |
| 21:43 | Build | Farm |
| 22:01 | Build | House |
| 22:02 | Build | House |
| 22:03 | Build | House |
| 22:04 | Build | House |
| 22:05 | Build | House |
| 22:08 | Build | House |
| 22:10 | Build | House |
| 22:11 | Build | House |
| 22:14 | Create | Villager (Male) |
| 22:14 | Create | Villager (Male) |
| 22:14 | Create | Villager (Male) |
| 22:15 | Create | Villager (Male) |
| 22:17 | Create | Villager (Male) |
| 22:17 | Create | Villager (Male) |
| 22:32 | Build | Farm |
| 22:36 | Build | Mill |
| 22:37 | Build | Farm |
| 22:43 | Build | Farm |
| 22:49 | Build | Farm |
| 23:01 | Build | Mining Camp |
| 23:04 | Create | Villager (Male) |
| 23:04 | Create | Villager (Male) |
| 23:05 | Create | Villager (Male) |
| 23:26 | Build | Farm |
| 23:32 | Research | Gold Mining |
| 23:32 | Research | Stone Mining |
| 23:41 | Create | Villager (Male) |
| 23:42 | Create | Villager (Male) |
| 23:42 | Create | Villager (Male) |
| 24:04 | Create | Villager (Male) |
| 24:05 | Create | Villager (Male) |
| 24:05 | Create | Villager (Male) |
| 24:12 | Create | Villager (Male) |
| 24:13 | Create | Villager (Male) |
| 24:13 | Create | Villager (Male) |
| 24:41 | Build | Farm |
Build order — 傲娇
First 150 of 390 actions detected
| 0:11 | Build | Lumber Camp |
| 0:33 | Build | House |
| 1:29 | Create | Villager (Male) |
| 3:15 | Create | Villager (Male) |
| 3:15 | Create | Villager (Male) |
| 3:16 | Create | Villager (Male) |
| 3:38 | Create | Villager (Male) |
| 3:39 | Create | Villager (Male) |
| 4:59 | Create | Villager (Male) |
| 4:59 | Create | Villager (Male) |
| 4:59 | Create | Villager (Male) |
| 5:58 | Build | Mill |
| 6:38 | Create | Villager (Male) |
| 7:58 | Create | Villager (Male) |
| 7:58 | Create | Villager (Male) |
| 8:44 | Create | Villager (Male) |
| 8:45 | Create | Villager (Male) |
| 9:11 | Create | Villager (Male) |
| 9:37 | Build | House |
| 10:02 | Create | Villager (Male) |
| 10:02 | Create | Villager (Male) |
| 10:36 | Research | Feudal Age |
| 11:10 | Build | Mining Camp |
| 12:41 | Create | Villager (Male) |
| 12:42 | Create | Villager (Male) |
| 12:42 | Create | Villager (Male) |
| 13:11 | Age | Feudal Age |
| 13:36 | Build | Lumber Camp |
| 14:12 | Build | Blacksmith |
| 15:14 | Build | Market |
| 16:01 | Build | Mining Camp |
| 16:12 | Research | Castle Age |
| 16:18 | Research | Wheelbarrow |
| 16:20 | Research | Loom |
| 16:43 | Research | Double-Bit Axe |
| 17:26 | Build | Farm |
| 17:36 | Build | Farm |
| 17:37 | Build | Farm |
| 17:39 | Build | Farm |
| 17:45 | Build | Farm |
| 17:47 | Build | Farm |
| 17:55 | Build | Farm |
| 17:57 | Build | Farm |
| 17:58 | Build | Farm |
| 18:01 | Build | Farm |
| 18:52 | Age | Castle Age |
| 19:06 | Create | Villager (Male) |
| 19:07 | Create | Villager (Male) |
| 19:07 | Create | Villager (Male) |
| 20:49 | Build | Town Center |
| 22:43 | Build | Town Center |
| 24:07 | Create | Villager (Male) |
| 24:08 | Create | Villager (Male) |
| 24:08 | Create | Villager (Male) |
| 24:08 | Create | Villager (Male) |
| 24:08 | Create | Villager (Male) |
| 24:08 | Create | Villager (Male) |
| 24:09 | Create | Villager (Male) |
| 24:09 | Create | Villager (Male) |
| 24:09 | Create | Villager (Male) |
| 24:09 | Create | Villager (Male) |
| 24:10 | Create | Villager (Male) |
| 24:10 | Create | Villager (Male) |
| 24:10 | Create | Villager (Male) |
| 24:10 | Create | Villager (Male) |
| 24:11 | Create | Villager (Male) |
| 24:11 | Create | Villager (Male) |
| 24:25 | Build | Farm |
| 24:31 | Build | Farm |
| 24:32 | Build | Farm |
| 24:36 | Build | Farm |
| 24:38 | Build | Farm |
| 24:40 | Build | Farm |
| 24:41 | Build | Farm |
| 24:48 | Build | Farm |
| 24:51 | Build | Farm |
| 24:52 | Build | Farm |
| 24:54 | Build | Farm |
| 24:56 | Build | Farm |
| 24:58 | Build | Farm |
| 25:04 | Build | Farm |
| 25:06 | Build | Farm |
| 25:08 | Build | Farm |
| 25:09 | Build | Farm |
| 25:11 | Build | Farm |
| 25:15 | Build | Farm |
| 25:19 | Build | Farm |
| 25:20 | Build | Farm |
| 26:08 | Create | Villager (Male) |
| 26:08 | Create | Villager (Male) |
| 26:08 | Create | Villager (Male) |
| 26:09 | Create | Villager (Male) |
| 26:09 | Create | Villager (Male) |
| 26:09 | Create | Villager (Male) |
| 26:09 | Create | Villager (Male) |
| 26:42 | Build | House |
| 26:44 | Build | House |
| 26:47 | Build | House |
| 26:49 | Build | House |
| 26:52 | Build | House |
| 26:54 | Build | House |
| 26:57 | Build | House |
| 26:58 | Build | House |
| 27:59 | Research | Hand Cart |
| 28:14 | Build | Farm |
| 28:21 | Build | Farm |
| 28:38 | Create | Villager (Male) |
| 28:38 | Create | Villager (Male) |
| 28:38 | Create | Villager (Male) |
| 28:38 | Create | Villager (Male) |
| 28:39 | Create | Villager (Male) |
| 28:39 | Create | Villager (Male) |
| 28:39 | Create | Villager (Male) |
| 28:39 | Create | Villager (Male) |
| 28:52 | Build | Farm |
| 29:12 | Build | Farm |
| 29:13 | Build | Farm |
| 29:15 | Build | Farm |
| 29:21 | Build | Farm |
| 29:22 | Build | Farm |
| 29:24 | Build | Farm |
| 30:32 | Build | Farm |
| 30:44 | Build | Farm |
| 30:47 | Build | Farm |
| 30:48 | Build | Farm |
| 30:51 | Build | Farm |
| 30:53 | Build | Farm |
| 30:55 | Build | Farm |
| 30:57 | Build | Farm |
| 31:05 | Build | Farm |
| 31:32 | Build | University |
| 31:42 | Create | Villager (Male) |
| 31:42 | Create | Villager (Male) |
| 31:43 | Create | Villager (Male) |
| 31:43 | Create | Villager (Male) |
| 31:43 | Create | Villager (Male) |
| 31:43 | Create | Villager (Male) |
| 31:43 | Create | Villager (Male) |
| 31:44 | Create | Villager (Male) |
| 31:52 | Research | Bow Saw |
| 32:00 | Research | Gold Mining |
| 32:30 | Build | Mining Camp |
| 33:14 | Build | Mining Camp |
| 34:45 | Create | Villager (Male) |
| 34:46 | Create | Villager (Male) |
| 34:46 | Create | Villager (Male) |
| 34:46 | Create | Villager (Male) |
| 34:55 | Build | Farm |
| 35:02 | Create | Villager (Male) |
| 35:02 | Create | Villager (Male) |
Build order — 一拍车拍死你全家
First 150 of 403 actions detected
| 0:13 | Build | House |
| 0:17 | Create | Villager (Male) |
| 0:18 | Create | Villager (Male) |
| 0:18 | Create | Villager (Male) |
| 0:18 | Create | Villager (Male) |
| 1:41 | Create | Villager (Male) |
| 2:08 | Build | Lumber Camp |
| 2:28 | Create | Villager (Male) |
| 2:29 | Create | Villager (Male) |
| 2:34 | Build | House |
| 3:13 | Create | Villager (Male) |
| 3:54 | Build | Mill |
| 4:00 | Create | Villager (Male) |
| 4:31 | Create | Villager (Male) |
| 4:48 | Build | House |
| 4:56 | Create | Villager (Male) |
| 5:30 | Create | Villager (Male) |
| 6:16 | Create | Villager (Male) |
| 7:42 | Research | Feudal Age |
| 8:18 | Create | Villager (Male) |
| 8:26 | Build | Mining Camp |
| 9:08 | Create | Villager (Male) |
| 9:52 | Age | Feudal Age |
| 10:06 | Research | Horse Collar |
| 10:20 | Create | Villager (Male) |
| 10:26 | Build | House |
| 10:32 | Build | Blacksmith |
| 10:43 | Build | Market |
| 10:59 | Create | Villager (Male) |
| 11:44 | Build | Mining Camp |
| 12:07 | Build | Farm |
| 12:21 | Research | Double-Bit Axe |
| 12:23 | Create | Villager (Male) |
| 13:01 | Create | Villager (Male) |
| 13:30 | Build | House |
| 13:33 | Build | Farm |
| 13:36 | Create | Villager (Male) |
| 13:50 | Build | Barracks |
| 14:06 | Build | Farm |
| 14:22 | Create | Villager (Male) |
| 14:50 | Build | Farm |
| 15:05 | Create | Villager (Male) |
| 15:35 | Build | Farm |
| 15:45 | Create | Villager (Male) |
| 16:14 | Build | Farm |
| 16:22 | Create | Villager (Male) |
| 16:51 | Build | Farm |
| 17:02 | Create | Villager (Male) |
| 17:30 | Build | Farm |
| 17:46 | Research | Castle Age |
| 18:13 | Build | House |
| 18:22 | Create | Villager (Male) |
| 18:23 | Create | Villager (Male) |
| 19:07 | Build | Archery Range |
| 19:09 | Build | Archery Range |
| 19:10 | Build | Archery Range |
| 20:16 | Build | Farm |
| 20:16 | Build | Farm |
| 20:26 | Age | Castle Age |
| 20:39 | Build | Town Center |
| 20:56 | Build | Mining Camp |
| 21:12 | Build | House |
| 21:26 | Create | Villager (Male) |
| 21:26 | Create | Villager (Male) |
| 21:39 | Build | Monastery |
| 21:47 | Build | University |
| 21:56 | Create | Villager (Male) |
| 22:19 | Research | Bow Saw |
| 22:21 | Research | Heavy Plow |
| 22:43 | Create | Monk |
| 23:03 | Create | Villager (Male) |
| 23:04 | Create | Villager (Male) |
| 23:19 | Create | Villager (Male) |
| 23:19 | Create | Villager (Male) |
| 23:30 | Research | Stone Mining |
| 24:26 | Build | Castle |
| 24:45 | Create | Villager (Male) |
| 24:45 | Create | Villager (Male) |
| 24:50 | Create | Villager (Male) |
| 24:51 | Create | Villager (Male) |
| 25:37 | Create | Villager (Male) |
| 25:37 | Create | Villager (Male) |
| 26:05 | Build | Siege Workshop |
| 26:06 | Build | Siege Workshop |
| 26:20 | Build | Mill |
| 26:22 | Build | Farm |
| 26:32 | Build | House |
| 26:33 | Build | House |
| 26:49 | Build | Farm |
| 26:54 | Research | Wheelbarrow |
| 27:21 | Build | House |
| 27:21 | Build | House |
| 27:22 | Build | House |
| 27:23 | Build | House |
| 27:24 | Build | House |
| 27:25 | Build | House |
| 27:26 | Build | House |
| 27:32 | Build | Mining Camp |
| 27:58 | Build | Farm |
| 28:34 | Create | Villager (Male) |
| 28:34 | Create | Villager (Male) |
| 29:12 | Research | Imperial Age |
| 29:15 | Create | Villager (Male) |
| 29:51 | Build | Town Center |
| 29:57 | Create | Villager (Male) |
| 29:58 | Create | Villager (Male) |
| 30:30 | Build | Farm |
| 30:43 | Create | Conquistador |
| 30:43 | Create | Conquistador |
| 30:43 | Create | Conquistador |
| 30:43 | Create | Conquistador |
| 31:00 | Create | Conquistador |
| 31:01 | Create | Conquistador |
| 31:01 | Create | Conquistador |
| 31:01 | Create | Conquistador |
| 31:07 | Create | Mangonel |
| 31:09 | Create | Mangonel |
| 31:12 | Create | Conquistador |
| 31:12 | Create | Conquistador |
| 31:39 | Build | Farm |
| 31:48 | Build | Farm |
| 31:48 | Build | Farm |
| 31:48 | Build | Farm |
| 32:10 | Build | Farm |
| 32:22 | Build | Mining Camp |
| 32:34 | Age | Imperial Age |
| 32:42 | Build | Castle |
| 32:53 | Create | Villager (Male) |
| 34:22 | Build | Mining Camp |
| 34:52 | Research | Tech 60 |
| 35:01 | Research | Scale Barding Armor |
| 35:02 | Research | Forging |
| 35:15 | Build | Farm |
| 35:15 | Build | Farm |
| 35:15 | Build | Farm |
| 35:16 | Build | Farm |
| 35:19 | Create | Villager (Male) |
| 35:20 | Create | Villager (Male) |
| 35:22 | Create | Villager (Male) |
| 35:23 | Create | Villager (Male) |
| 36:09 | Build | Farm |
| 36:14 | Build | Farm |
| 36:19 | Create | Villager (Male) |
| 36:20 | Create | Villager (Male) |
| 37:09 | Create | Mangonel |
| 37:10 | Create | Mangonel |
| 37:20 | Research | Hand Cart |
| 37:24 | Create | Villager (Male) |
| 37:24 | Create | Villager (Male) |
| 37:28 | Create | Villager (Male) |
Build order — 喜多川海梦
First 150 of 389 actions detected
| 0:04 | Build | House |
| 0:07 | Build | House |
| 0:09 | Create | Villager (Male) ×4 |
| 0:10 | Create | Villager (Male) ×4 |
| 1:37 | Create | Villager (Male) |
| 2:14 | Create | Villager (Male) |
| 2:15 | Create | Villager (Male) |
| 2:15 | Create | Villager (Male) |
| 2:20 | Build | Lumber Camp |
| 2:36 | Create | Villager (Male) |
| 3:05 | Create | Villager (Male) |
| 3:06 | Create | Villager (Male) |
| 3:12 | Build | House |
| 3:51 | Create | Villager (Male) |
| 3:57 | Build | House |
| 4:22 | Create | Villager (Male) |
| 4:22 | Create | Villager (Male) |
| 5:01 | Build | Mill |
| 5:24 | Create | Villager (Male) |
| 5:24 | Create | Villager (Male) |
| 5:24 | Create | Villager (Male) |
| 6:41 | Create | Villager (Male) |
| 6:41 | Create | Villager (Male) |
| 6:41 | Create | Villager (Male) |
| 7:45 | Build | Mining Camp |
| 8:32 | Research | Feudal Age |
| 9:38 | Build | Mining Camp |
| 10:30 | Create | Villager (Male) |
| 10:30 | Create | Villager (Male) |
| 10:42 | Age | Feudal Age |
| 11:04 | Build | Mill |
| 11:23 | Build | Blacksmith |
| 11:37 | Build | Market |
| 12:22 | Build | House |
| 12:29 | Build | House |
| 12:55 | Build | Farm |
| 13:10 | Build | Farm |
| 13:10 | Build | Farm |
| 13:11 | Build | Farm |
| 13:57 | Research | Castle Age |
| 14:28 | Research | Loom |
| 16:21 | Create | Villager (Male) |
| 16:21 | Create | Villager (Male) |
| 16:21 | Create | Villager (Male) |
| 16:21 | Create | Villager (Male) |
| 16:22 | Create | Villager (Male) |
| 16:22 | Create | Villager (Male) |
| 16:22 | Create | Villager (Male) |
| 16:23 | Create | Villager (Male) |
| 16:23 | Create | Villager (Male) |
| 16:37 | Age | Castle Age |
| 16:43 | Build | Town Center |
| 17:09 | Build | Town Center |
| 17:28 | Create | Villager (Male) |
| 17:28 | Create | Villager (Male) |
| 18:15 | Research | Double-Bit Axe |
| 18:23 | Create | Villager (Male) |
| 18:24 | Create | Villager (Male) |
| 18:48 | Build | Castle |
| 19:02 | Create | Villager (Male) |
| 19:03 | Create | Villager (Male) |
| 19:09 | Build | Farm |
| 19:09 | Build | Farm |
| 19:09 | Build | Farm |
| 19:30 | Create | Villager (Male) |
| 19:32 | Create | Villager (Male) |
| 19:39 | Create | Villager (Male) |
| 19:46 | Build | Farm |
| 19:57 | Build | Farm |
| 19:57 | Build | Farm |
| 20:33 | Build | Mining Camp |
| 20:43 | Create | Villager (Male) |
| 20:43 | Create | Villager (Male) |
| 20:45 | Create | Villager (Male) |
| 20:45 | Create | Villager (Male) |
| 20:56 | Build | Farm |
| 20:57 | Build | Farm |
| 21:07 | Research | Horse Collar |
| 22:00 | Research | Gold Mining |
| 22:16 | Build | Farm |
| 22:16 | Build | Farm |
| 22:17 | Build | Farm |
| 22:25 | Build | Farm |
| 22:44 | Build | House |
| 22:45 | Build | House |
| 22:46 | Build | House |
| 22:47 | Build | House |
| 22:48 | Build | House |
| 22:48 | Build | House |
| 22:50 | Build | House |
| 22:50 | Build | House |
| 22:50 | Build | House |
| 23:11 | Build | Farm |
| 23:11 | Build | Farm |
| 23:12 | Build | Farm |
| 23:12 | Build | Farm |
| 24:11 | Build | Farm |
| 24:23 | Build | University |
| 25:13 | Build | Castle |
| 25:31 | Build | Monastery |
| 25:49 | Research | Imperial Age |
| 25:52 | Create | Villager (Male) |
| 25:52 | Create | Villager (Male) |
| 25:52 | Create | Villager (Male) |
| 25:55 | Create | Villager (Male) |
| 25:55 | Create | Villager (Male) |
| 26:03 | Build | Farm |
| 26:12 | Create | Monk |
| 26:40 | Build | House |
| 26:40 | Build | House |
| 26:54 | Create | Villager (Male) |
| 26:55 | Create | Villager (Male) |
| 26:58 | Create | Villager (Male) |
| 26:59 | Create | Villager (Male) |
| 27:05 | Research | Heavy Plow |
| 27:09 | Research | Bow Saw |
| 28:19 | Create | Villager (Male) |
| 28:20 | Create | Villager (Male) |
| 28:20 | Create | Villager (Male) |
| 28:22 | Create | Villager (Male) |
| 28:22 | Create | Villager (Male) |
| 28:23 | Create | Villager (Male) |
| 28:34 | Build | Barracks |
| 28:55 | Research | Fletching |
| 28:59 | Age | Imperial Age |
| 28:59 | Research | Padded Archer Armor |
| 29:10 | Research | Conscription |
| 29:15 | Create | Villager (Male) |
| 29:15 | Create | Villager (Male) |
| 29:20 | Create | Villager (Male) |
| 29:20 | Create | Villager (Male) |
| 29:20 | Create | Villager (Male) |
| 29:24 | Create | Villager (Male) |
| 29:25 | Create | Villager (Male) |
| 29:25 | Create | Villager (Male) |
| 29:32 | Research | Gold Shaft Mining |
| 29:45 | Build | Mining Camp |
| 29:58 | Build | Archery Range |
| 30:05 | Build | Archery Range |
| 30:16 | Research | Grand Trunk Road |
| 30:36 | Create | Villager (Male) |
| 30:36 | Create | Villager (Male) |
| 30:41 | Create | Villager (Male) |
| 30:41 | Create | Villager (Male) |
| 30:43 | Create | Villager (Male) |
| 30:44 | Create | Villager (Male) |
| 30:44 | Create | Villager (Male) |
| 30:49 | Create | Villager (Male) |
| 30:49 | Create | Villager (Male) |
| 30:49 | Create | Villager (Male) |
Match timeline
| 9:52 | 一拍车拍死你全家 · age_up feudal |
| 10:20 | Up1set · age_up feudal |
| 10:33 | LB_小小leo · age_up feudal |
| 10:42 | 喜多川海梦 · age_up feudal |
| 11:43 | LB_小小leo · first_market_sell 100 wood |
| 13:11 | 傲娇 · age_up feudal |
| 13:50 | 一拍车拍死你全家 · first_building Barracks |
| 14:38 | LB_小小leo · age_up castle |
| 15:37 | 贱贱 · age_up feudal |
| 16:26 | Up1set · age_up castle |
| 16:37 | 喜多川海梦 · age_up castle |
| 16:55 | 一拍车拍死你全家 · first_market_buy 100 food |
| 18:48 | 喜多川海梦 · first_building Castle |
| 18:52 | 傲娇 · age_up castle |
| 19:06 | LB_小小leo · first_building Castle |
| 19:07 | 一拍车拍死你全家 · first_building Archery Range |
| 19:19 | LB_小小leo · first_building Monastery |
| 20:26 | 一拍车拍死你全家 · age_up castle |
| 21:25 | 贱贱 · age_up castle |
| 21:39 | 一拍车拍死你全家 · first_building Monastery |
| 24:26 | 一拍车拍死你全家 · first_building Castle |
| 24:49 | 喜多川海梦 · first_market_sell 100 food |
| 24:54 | Up1set · first_market_buy 100 food |
| 25:13 | Up1set · first_building Castle |
| 25:31 | 喜多川海梦 · first_building Monastery |
| 26:05 | 一拍车拍死你全家 · first_building Siege Workshop |
| 28:21 | LB_小小leo · first_building Barracks |
| 28:34 | 喜多川海梦 · first_building Barracks |
| 28:59 | 喜多川海梦 · age_up imperial |
| 29:32 | LB_小小leo · first_building Archery Range |
| 29:38 | LB_小小leo · first_building Siege Workshop |
| 29:58 | 喜多川海梦 · first_building Archery Range |
| 30:07 | LB_小小leo · age_up imperial |
| 30:10 | Up1set · first_market_sell 100 wood |
| 30:15 | Up1set · age_up imperial |
| 32:34 | 一拍车拍死你全家 · age_up imperial |
| 32:45 | Up1set · first_building Barracks |
| 33:51 | Up1set · first_building Archery Range |
| 34:21 | 喜多川海梦 · first_building Stable |
| 35:59 | Up1set · first_building Monastery |
| 39:38 | 傲娇 · first_building Castle |
| 42:09 | Up1set · first_building Stable |
| 42:19 | 傲娇 · first_building Barracks |
| 43:50 | 贱贱 · first_building Castle |
| 46:52 | 傲娇 · age_up imperial |
| 48:48 | 贱贱 · first_market_buy 100 stone |
| 48:55 | LB_小小leo · first_market_buy 500 stone |
| 50:47 | 傲娇 · first_market_sell 100 food |
| 50:59 | 傲娇 · first_market_buy 100 stone |
| 52:22 | 傲娇 · wall_segment Stone Wall x1 |
| 52:27 | 傲娇 · wall_segment Stone Wall x1 |
| 52:29 | 傲娇 · wall_segment Stone Wall x1 |
| 52:31 | 傲娇 · wall_segment Stone Wall x1 |
| 52:33 | 傲娇 · wall_segment Stone Wall x1 |
| 52:37 | 傲娇 · wall_segment Stone Wall x1 |
| 52:38 | 傲娇 · wall_segment Stone Wall x1 |
| 52:40 | 傲娇 · wall_segment Stone Wall x1 |
| 52:44 | 傲娇 · wall_segment Stone Wall x1 |
| 53:09 | 贱贱 · age_up imperial |
| 56:10 | 贱贱 · first_market_sell 100 wood |
| 58:41 | LB_小小leo · tribute_sent a jugador 2 |
| 58:41 | LB_小小leo · tribute_sent a jugador 3 |
| 58:41 | LB_小小leo · tribute_sent a jugador 4 |
| 58:41 | LB_小小leo · tribute_sent a jugador 5 |
| 58:41 | LB_小小leo · tribute_sent a jugador 6 |
| 65:12 | 贱贱 · first_building Siege Workshop |
| 68:27 | 喜多川海梦 · first_building Siege Workshop |
| 68:55 | 一拍车拍死你全家 · first_market_sell 100 food |
| 80:21 | 一拍车拍死你全家 · resign |
[ AI ANALYSIS · 1 CREDIT ]
What really happened in this match?
Wolo.gg analyzes every decision: build order, eco, micro, common mistakes by bracket. Personalized analysis on WhatsApp or Discord in 30 seconds.
Civ guide
Teutons
Perfil
贱贱